 Dungeon Crawl Stone Soup version 0.32-a0-996-gb3226c233f (console) character file.

Game seed: 213742586312440681

3 petzl the Sneak (level 1, -2/18 HPs)
             Began as a Formicid Delver on Apr 23, 2024.
             Slain by a hound (4 damage)
             ... on level 4 of the Dungeon.
             The game lasted 00:00:52 (83 turns).

petzl the Sneak (Formicid Delver)                     Turns: 83, Time: 00:00:53

Health: -2/18      AC:  3    Str: 16    XL:     1   Next: 55%
Magic:  1/1        EV: 11    Int:  9    God:
Gold:   14         SH:  0    Dex: 15    Spells: 0/0 levels left

rFire   . . .        a - +0 mace
rCold   . . .        (no shield)
rNeg    . . .        b - +0 leather armour
rPois   .            (helmet unavailable)
rElec   .            (no cloak)
rCorr   .            (no gloves)
SInv    +            (no boots)
Will    .....        (no amulet)
Stlth   +++          (no ring)
HPRegen 0.23/turn    (no ring)
MPRegen 0.07/turn

%: no passive effects
@: no status effects
A: permanent stasis, dig shafts and tunnels, antennae 3, four strong arms
a: Dig, Shaft Self


You were on level 4 of the Dungeon.
You visited 1 branch of the dungeon, and saw 3 of its levels.

You collected 14 gold pieces.

Inventory:

Hand Weapons
 a - a +0 mace (weapon)
Armour
 b - a +0 leather armour (worn)
Wands
 f - a wand of digging (3)
Scrolls
 c - a scroll of fog
 d - a scroll of revelation
Potions
 e - a potion of experience {unknown}
 g - a potion of might {unknown}
 h - a potion of degeneration {unknown}


   Skills:
 - Level 3.3 Fighting
 - Level 2.0 Maces & Flails
 - Level 1.8 Dodging
 - Level 6.0 Stealth
 + Level 0.0 Spellcasting


You couldn't memorise any spells.
You didn't know any spells.
Your spell library was empty.

Dungeon Overview and Level Annotations

Branches:
Dungeon (6/15)
 Temple: D:4-7

Altars:

Annotations:
D:4 exclusion: ogre


Innate Abilities, Weirdness & Mutations

You cannot be hasted, slowed, berserked, paralysed or teleported.
You can dig through walls and to a lower floor.
You have a pair of large antennae on your head. (SInv)
Your four strong arms can wield two-handed weapons with a shield.


Message History

An endoplasm comes into view.
The endoplasm moves out of view.
The helpless endoplasm fails to defend itself.
You sock the endoplasm!
You kill the endoplasm!
Okay, then.
Unknown command.
Unknown command.
The hound bites you.
You hit the hound.
The hound is lightly wounded.
The hound closely misses you. The hound barely misses you.
You miss the hound. The hound barely misses you. The hound closely misses you.
You sock the hound!
The hound is heavily wounded.
The hound misses you. The hound bites you but does no damage.
You closely miss the hound.
The hound is heavily wounded.
The hound bites you. The hound bites you but does no damage.
You barely miss the hound.
The hound is heavily wounded.
The hound closely misses you. The hound misses you.
You barely miss the hound.
The hound is heavily wounded.
The hound misses you. The hound bites you but does no damage.
You barely miss the hound.
The hound is heavily wounded.
The hound bites you but does no damage.
You hit the hound.
The hound is severely wounded.
The hound bites you. x2
You hit the hound.
The hound is almost dead.
The hound bites you. x2
* * * LOW HITPOINT WARNING * * *
Unknown command.
You completely miss the hound.
The hound is almost dead.
The hound barely misses you. The hound bites you.
You die...

### #@# #h#
#.#####
####.#.!O
#.##.#.#
#......#####
#..........#
#.#.J....#.#
#.#..#.#{#.#
###.#..#.#..{.
#...#..#......
#.....>.......
#.............
#......>.##..K
#........# ..
#........#
#........#
#......).#
#........#


You could see a hound and an endoplasm (wandering).

Vanquished Creatures
  An orc (D:6)
  An endoplasm (D:4)
2 creatures vanquished.

Notes
Turn   | Place    | Note
-------+----------+-------------------------------------------
     0 | D:5      | petzl the Formicid Delver began the quest for the Orb.
     0 | D:5      | Reached XP level 1. HP: 18/18 MP: 1/1
    21 | D:6      | Noticed a hound
    22 | D:6      | Noticed a black bear
    31 | D:5      | Noticed a hound
    31 | D:5      | Noticed an ice beast
    49 | D:4      | Noticed an ogre
    83 | D:4      | Slain by a hound

Illustrated notes

Levels and vault maps discovered:
D:4:      layout_basic, general_overflow_altar
D:5:      layout_rooms, nicolae_dithmenos_shadow_blocks,
          mainiacjoe_overflow_alcove_1, nicolae_wooded_promenade
D:6:      layout_layer_cave

Action                     || total
---------------------------++-------
  Melee: Mace              ||    12
    Use: Scroll            ||     1
   Stab: Sleeping          ||     2
 Armour: Leather armour    ||    14
  Dodge: Dodged            ||    14

Table legend: (Time is in decaauts)
 A = Elapsed time spent in this place.
 B = Non-inter-level travel time spent in this place.
 C = Inter-level travel time spent in this place.
 D = Time resting spent in this place.
 E = Time spent auto-exploring this place.
 F = Levels seen in this place.
 G = Mean time per level.
                   A        B        C        D        E       F      G
               +--------+--------+--------+--------+--------+-----+--------+
         Total |     85 |     85 |      0 |      6 |      0 |   3 |   28.3 |
       Dungeon |     85 |     85 |      0 |      6 |      0 |   3 |   28.3 |
               +--------+--------+--------+--------+--------+-----+--------+

Top non-repeatable levels by time:
     D:4: 43 daAuts
     D:6: 24 daAuts
     D:5: 17 daAuts
